 Dungeon Crawl Stone Soup version 0.28.0 (webtiles) character file.

Game seed: 2447962767270457294

73 Eitelfritz the Poker (level 4, -3/34 HPs)
             Began as a Merfolk Gladiator on Feb 11, 2022.
             Slain by a gnoll (8 damage)
             ... on level 2 of the Dungeon.
             The game lasted 00:04:06 (2090 turns).

Eitelfritz the Poker (Merfolk Gladiator)            Turns: 2090, Time: 00:04:07

Health: -3/34      AC:  4    Str: 14    XL:     4   Next: 27%
Magic:  4/4        EV: 13    Int:  9    God:
Gold:   45         SH:  0    Dex: 15    Spells: 3/3 levels left

rFire   . . .      SeeInvis .   a - +0 trident
rCold   . . .      Faith    .   (no shield)
rNeg    . . .      Spirit   .   b - +0 leather armour
rPois   .          Reflect  .   c - +0 helmet
rElec   .          Harm     .   (no cloak)
rCorr   .          Rampage  .   (no gloves)
Will    .....                   (no boots)
Stlth   +.........              (no amulet)
HPRegen 0.11/turn               (no ring)
MPRegen 0.09/turn               (no ring)

@: no status effects
A: (nimble swimmer 2), mertail
a: no special abilities


You were on level 2 of the Dungeon.
You visited 1 branch of the dungeon, and saw 3 of its levels.

You collected 45 gold pieces.

Inventory:

Hand Weapons
 a - a +0 trident (weapon)
Missiles
 d - 4 throwing nets (quivered)
 g - 116 stones
Armour
 b - a +0 leather armour (worn)
 c - a +0 helmet (worn)
 k - a +0 ring mail
 p - the +1 robe of the Lobster {Fly Str+5 Dex+3}
   (You found it on level 2 of the Dungeon)

   Str:       It affects your strength (+5).
   Dex:       It affects your dexterity (+3).
   Fly:       It grants you flight.
Jewellery
 h - a +6 ring of dexterity
Wands
 o - a wand of acid (3)
Scrolls
 f - 4 scrolls of identify {unknown}
 j - a scroll of magic mapping {unknown}
 l - a scroll of enchant weapon {unknown}
 m - a scroll of vulnerability {unknown}
 q - a scroll of teleportation {unknown}
Potions
 e - a potion of invisibility {unknown}
 i - 2 potions of mutation {unknown}
 n - a potion of magic {unknown}


   Skills:
 + Level 2.4 Fighting
 + Level 5.6 Polearms
 + Level 2.1 Throwing
 + Level 0.9 Armour
 + Level 4.9 Dodging
 + Level 0.3 Stealth


You had 3 spell levels left.
You didn't know any spells.
Your spell library contained the following spells:

 Spells                   Type           Power      Damage    Failure   Level
 Call Canine Familiar     Summ           0%         N/A       83%         3
 Portal Projectile        Hex/Tloc       0%         N/A       83%         3
 Leda's Liquefaction      Hex/Erth       0%         N/A       99%         4


Dungeon Overview and Level Annotations

Branches:
Dungeon (3/15)

Altars:

Shops:
D:1 *


Innate Abilities, Weirdness & Mutations

((You are very nimble when in or above water. (Stealth+, EV+, Speed+++)))
Your lower body shifts to a powerful aquatic tail in water.


Message History

You climb upwards.
There is a stone staircase leading down, spattered with blood here.
The frilled lizard closely misses you.
You barely miss the frilled lizard.
The frilled lizard bites you but does no damage.
You hit the frilled lizard.
You kill the frilled lizard!
You see here a frilled lizard corpse.
There is a stone staircase leading down, spattered with blood here.
You start resting.
HP restored.
You climb downwards.
The gnoll barely misses you. x2
There is a stone staircase leading up here.
The gnoll hits you but does no damage. The gnoll hits you with a +0 flail!
You climb upwards.
There is a stone staircase leading down, spattered with blood here.
You hit the gnoll.
The gnoll is moderately wounded.
The gnoll hits you with a +0 club. The gnoll hits you with a +0 flail.
You barely miss the gnoll.
The gnoll is moderately wounded.
The gnoll hits you with a +0 club! The gnoll completely misses you.
You hit the gnoll.
The gnoll is moderately wounded.
The gnoll misses you. The gnoll completely misses you.
You hit the gnoll.
The gnoll is severely wounded.
The gnoll misses you. The gnoll completely misses you.
You completely miss the gnoll.
The gnoll is severely wounded.
The gnoll barely misses you. The gnoll misses you.
You hit the gnoll.
The gnoll is severely wounded.
The gnoll completely misses you. The gnoll hits you with a +0 flail!
* * * LOW HITPOINT WARNING * * *
You hit the gnoll.
You kill the gnoll!
The gnoll barely misses you. The gnoll hits you with a +0 flail!
You die...

#.......# #.......#
########
#.......####......##
#.......'...........
#.......####.#......
##'#########.#.##.##
#.# #....#.#......
#g####....#.#####..
#>@..'.............
###.##....#.#......
#.##....#.#.####.
#.##....#^....##.
####+##....#.....##.
#..........#.....##.
#..........#.....###
#.......####.#'###
#....[..'....#.#


You could see a gnoll.

Vanquished Creatures
  A gnoll (D:2)
  2 adders (D:2)
  A dart slug (D:2)
  4 bats
  3 endoplasms
  3 giant cockroaches (D:1)
  2 goblins (D:2)
  7 hobgoblins
  7 ball pythons
  4 frilled lizards
  5 kobolds
39 creatures vanquished.

Notes
Turn   | Place    | Note
-------+----------+-------------------------------------------
     0 | D:1      | Eitelfritz the Merfolk Gladiator began the quest for the
                  | Orb.
     0 | D:1      | Reached XP level 1. HP: 16/16 MP: 1/1
    75 | D:1      | Found Ficluas's General Store.
   144 | D:1      | Reached XP level 2. HP: 22/22 MP: 2/2
   227 | D:1      | Reached skill level 5 in Polearms
   769 | D:2      | Reached XP level 3. HP: 27/27 MP: 3/3
   964 | D:2      | Found a faded altar of an unknown god.
  1625 | D:2      | Identified the +1 robe of the Lobster {Fly Str+5 Dex+3}
  1786 | D:2      | Reached XP level 4. HP: 32/34 MP: 4/4
  2090 | D:2      | Slain by a gnoll

Illustrated notes

Levels and vault maps discovered:
D:1:      amcnicky_arrival_flooded_fountain, layout_rooms, serial_shops,
          nicolae_shop_stone
D:2:      layout_basic, shapermc_ecumenical_altar_ellora
D:3:      layout_rooms

Skill      XL: |  1  2 |
---------------+-------+-----
Polearms       | 5 |  5.6
Fighting       | |  2.4
Throwing       | |  2.1
Armour         | |  0.9
Dodging        | |  4.9
Stealth        | |  0.3

Action                   |  1- 3 |  4- 6 || total
-------------------------+-------+-------++-------
Melee: Trident           |   132 |    23 ||   155
       Punch             |     2 |       ||     2
 Stab: Sleeping          |     2 |     1 ||     3
Armor: Leather armour    |    30 |     2 ||    32
Dodge: Dodged            |    90 |    18 ||   108
